 Dungeon Crawl Stone Soup version 0.30-a0-777-ga9a30cbeda (webtiles) character file.

Game seed: 3702375039785996987

96893 arthad the Convoker (level 15, -5/78 HPs)
             Began as a Felid Summoner on Feb 13, 2023.
             Was an Initiate of Gozag.
             Shot with an arrow by a naga sharpshooter (27 damage)
             ... on level 4 of the Snake Pit on Feb 14, 2023.
             The game lasted 02:48:27 (41988 turns).

arthad the Convoker (Felid Summoner)               Turns: 41988, Time: 02:48:28

Health: -5/78      AC:  3    Str:  4    XL:     15   Next: 33%
Magic:  22/32      EV: 27    Int: 30    God:    Gozag
Gold:   4986       SH:  0    Dex: 17    Spells: 2/39 levels left
                                        Lives:  0   Deaths: 3

rFire   . . .      SeeInvis +      - Unarmed
rCold   + . .      Faith    .    (shield unavailable)
rNeg    . . .      Spirit   .    (body armour unavailable)
rPois   .          Reflect  .    (helmet unavailable)
rElec   .          Harm     .    (cloak unavailable)
rCorr   .          Rampage  .    (gloves unavailable)
Will    ++...                    (boots unavailable)
Stlth   ++                       Q - amulet of magic regeneration
HPRegen 0.33/turn                v - ring of wizardry
MPRegen 0.63/turn                F - +6 ring of intelligence

@: gold aura, quick
A: very small, claws 1, fangs 3, see invisible, speed 1, shaggy fur 3, stealthy
paws, no weapons or thrown items, no armour, multi-lived, antennae 1, robust 1,
screaming 1
}: 1/15 runes: decaying
a: Renounce Religion, Potion Petition, Call Merchant, Bribe Branch


You were on level 4 of the Snake Pit.
You worshipped Gozag.
Gozag was most pleased with you.
You visited 5 branches of the dungeon, and saw 30 of its levels.

You collected 11198 gold pieces.
You spent 3208 gold pieces at shops.
You paid 3004 gold pieces to Gozag.

Inventory:

Jewellery
 k - the ring "Atizifu" {Fly Will- rCorr Int+3}
   (You found it on level 1 of the Snake Pit)

   [ring of resist corrosion]

   Int:       It affects your intelligence (+3).
   Fly:       It grants you flight.
   rCorr:     It protects you from acid and corrosion.
   Will:      It decreases your willpower.
 s - a +4 ring of slaying
 u - a +4 ring of protection
 v - a ring of wizardry (left paw)
 C - an amulet of the acrobat
 F - a +6 ring of intelligence (right paw)
 I - a ring of ice
 L - a ring of resist corrosion
 M - a ring of flight
 O - a +5 ring of evasion
 P - a ring of poison resistance
 Q - an amulet of magic regeneration (around neck)
 U - a ring of protection from cold
 Y - a +4 ring of protection
Wands
 b - a wand of roots (19)
 q - a wand of digging (13)
 x - a wand of quicksilver (4)
 A - a wand of charming (5)
 E - a wand of polymorph (11)
 S - a wand of flame (18)
Scrolls
 a - 6 scrolls of teleportation
 d - a scroll of brand weapon
 f - a scroll of amnesia
 h - 3 scrolls of immolation
 j - 5 scrolls of magic mapping
 t - 6 scrolls of fog
 w - 3 scrolls of silence
 y - a scroll of enchant armour
 B - 4 scrolls of noise
 G - 5 scrolls of poison
 H - 3 scrolls of blinking
 K - a scroll of enchant weapon
 N - a scroll of vulnerability
 R - 3 scrolls of torment
 W - 5 scrolls of identify
Potions
 c - 2 potions of cancellation
 e - 4 potions of mutation
 g - 5 potions of might
 i - a potion of attraction
 l - 4 potions of flight
 m - 4 potions of lignification
 n - 4 potions of brilliance
 o - 9 potions of haste
 p - a potion of berserk rage
 r - 3 potions of invisibility
 z - a potion of ambrosia
 D - a potion of resistance
 J - a potion of magic
 T - a potion of curing
Miscellaneous
 Z - a lightning rod (4/4)


   Skills:
 + Level 11.2 Fighting
 + Level 14.6 Dodging
 - Level 2.6 Stealth
 + Level 11.2 Unarmed Combat
 * Level 12.8 Spellcasting
 - Level 10.0 Hexes
 - Level 16.0 Summonings
 - Level 10.0 Translocations
 * Level 8.1 Transmutations
 * Level 12.0 Air Magic


You had 2 spell levels left.
You knew the following spells:

 Your Spells              Type           Power      Damage    Failure   Level
a - Summon Cactus Giant   Summ           43%        N/A       1%          6
b - Monstrous Menagerie   Summ           43%        N/A       1%          7
c - Call Canine Familiar  Summ           86%        N/A       0%          3
d - Summon Guardian Gole  Hex/Summ       77%        N/A       1%          3
e - Summon Lightning Spi  Summ/Air       80%        N/A       1%          4
f - Blink                 Tloc           100%       N/A       1%          2
g - Summon Mana Viper     Hex/Summ       77%        N/A       1%          5
h - Storm Form            Tmut/Air       34%        N/A       14%         7

Your spell library contained the following spells:

 Spells                   Type           Power      Damage    Failure   Level
 Summon Small Mammal      Summ           100%       N/A       0%          1
 Call Imp                 Summ           86%        N/A       0%          2
 Apportation              Tloc           100%       N/A       1%          1
 Kiss of Death            Conj/Necr      76%        2d11      1%          1
 Necrotise                Necr           76%        1d7       1%          1
 Sting                    Tmut/Pois      100%       1d8       1%          1
 Cigotuvi's Dreadful Rot  Necr/Pois/Air  86%        N/A       1%          2
 Lesser Beckoning         Tloc           100%       N/A       1%          2
 Momentum Strike          Conj/Tloc      98%        3d10      1%          2
 Poisonous Vapours        Pois/Air       100%       N/A       1%          2
 Scorch                   Fire           38%        2d6       1%          2
 Confusing Touch          Hex            68%        N/A       1%          3
 Dazzling Flash           Conj/Hex       98%        N/A       1%          3
 Ignite Poison            Fire/Tmut/Pois 35%        N/A       1%          3
 Inner Flame              Hex/Fire       49%        N/A       1%          3
 Mephitic Cloud           Conj/Pois/Air  43%        N/A       1%          3
 Tukima's Dance           Hex            68%        N/A       1%          3
 Airstrike                Air            37%        2d(6-22)  1%          4
 Cause Fear               Hex            34%        N/A       1%          4
 Leda's Liquefaction      Hex/Erth       24%        N/A       1%          4
 Manifold Assault         Tloc           68%        N/A       1%          4
 Passage of Golubria      Tloc           68%        N/A       1%          4
 Summon Ice Beast         Ice/Summ       61%        N/A       1%          4
 Blade Hands              Tmut           31%        N/A       1%          5
 Silence                  Hex/Air        35%        N/A       1%          5
 Yara's Violent Unravell  Hex/Tmut       32%        3d13      1%          5
 Lightning Bolt           Conj/Air       26%        1d42      2%          5
 Stone Arrow              Conj/Erth      38%        3d9       3%          3
 Vampiric Draining        Necr           19%        2d7       3%          3
 Malign Gateway           Summ/Tloc      38%        N/A       4%          7
 Alistair's Intoxication  Tmut/Pois      28%        N/A       6%          5
 Irradiate                Conj/Tmut      21%        3d18      6%          5
 Summon Horrible Things   Summ           43%        N/A       10%         8
 Dispel Undead            Necr           19%        3d11      11%         4
 Flame Wave               Conj/Fire      19%        2d7       11%         4
 Olgreb's Toxic Radiance  Pois           19%        N/A       11%         4
 Agony                    Necr           19%        N/A       28%         5
 Fireball                 Conj/Fire      9%         3d6       28%         5
 Iskenderun's Battlesphe  Conj           19%        2d7       28%         5
 Dragon Form              Tmut           31%        N/A       30%         7
 Spellforged Servitor     Conj/Summ      30%        N/A       32%         7
 Maxwell's Capacitive Co  Air            37%        ∞         43%         8
 Discord                  Hex            34%        N/A       71%         8
 Iron Shot                Conj/Erth      9%         9d3       82%         6
 Lehudib's Crystal Spear  Conj/Erth      9%         10d4      100%        8
 Portal Projectile        Hex/Tloc       Unusable   N/A       N/A         3
 Animate Armour           Summ/Erth      Unusable   N/A       N/A         4

Dungeon Overview and Level Annotations

Branches:
Dungeon (15/15)            Temple (0/1) D:6            Lair (5/5) D:9
  Swamp (4/4) Lair:2        Snake (4/4) Lair:3        Slime (0/5) Lair:5
    Orc (2/2) D:11            Elf (0/3) Orc:2        Vaults (0/5) D:13
 Depths (0/4) D:15

Altars:
Dithmenos
Elyvilon
Fedhas
Gozag
Makhleb
Nemelex Xobeh
Trog
Uskayaw
Xom
Yredelemnul
Zin
Jiyva

Shops:
D:2 [   Orc:1 ?   Orc:2 *![:   Lair:1 :   Lair:2 :   Lair:5 :   Snake:3 [(:[[(

Portals:
Pandemonium: Orc:2

Annotations:
D:5 2 runed translucent doors, Sabo's ghost, amateur OpCj
Lair:5 exclusions: obsidian statue and 3 oklob plants
Snake:4 Vashnia


Innate Abilities, Weirdness & Mutations

You have sharp claws.
You have razor-sharp teeth.
You have supernaturally acute eyesight. (SInv)
You cover ground quickly. (Speed+)
Your thick and shaggy fur keeps you warm. (AC +3, rC+)
Your paws help you pounce on unaware monsters.
You are incapable of wielding weapons or throwing items.
You cannot wear armour.
You gain extra lives every three experience levels.
You have a pair of small antennae on your head.
You are robust. (+10% HP)
You occasionally shout uncontrollably at your foes.


Message History

The naga sharpshooter shoots a bolt.
The bolt hits your manticore!
Your manticore is engulfed in blazing flames.
Your manticore barely misses the naga sharpshooter.
Your manticore claws the naga sharpshooter.
Your manticore claws the naga sharpshooter!
You can't see any enemies this would affect, really read the scroll of poison?
The air fills with toxic fumes!
As you read the scroll of poison, it crumbles to dust.
The naga sharpshooter shoots a bolt.
The bolt hits your manticore!
Your manticore dies!
Your manticore's corpse disappears in a puff of smoke!
The naga sharpshooter gestures wildly while chanting.
The naga sharpshooter magically shoots a bolt.
The bolt hits you!
* * * LOW HITPOINT WARNING * * *
Your manticore is engulfed in blazing flames.
Your manticore dies!
Your manticore's corpse disappears in a puff of smoke!
The naga sharpshooter casts a spell.
The naga sharpshooter magically shoots a bolt.
The bolt hits your cactus giant!!
Your cactus giant hits the naga sharpshooter with a +0 giant spiked club!
The naga sharpshooter dies!
There is a large open door here.
Your transformation is almost over.
Aiming: Blinkbolt
Press: ? - help, Dir - move target You see nothing there to target!
You bellow at the naga!
A naga comes into view. It is wielding a +0 war axe.
The naga shouts!
You hear a shout!
The naga spits poison at you. The splash of poison misses you.
Your transformation has ended.
The naga sharpshooter shouts!
The naga sharpshooter unwields a +0 dire flail.
The naga sharpshooter wields a +0 longbow.
The naga sharpshooter shoots an arrow.
The arrow hits you!!
You die...
Your body crumbles into a pile of gold.

##....# #..... ##.....##
........ #.......#
...N..# # ........#
.....# .# ........#
....##....#
........##### ....#....#
........○§..###'###....#
.[......○.....N........#
....###.........@......#
.####.'##########......#
.#####'### #.....#
.##....#.# . #.....#
.##......# NN #...<)#
.#.......#


NNN #.....# .#+....°.# ..S. #.....## .#####.#C# ..... #......# .#...###$#......
#......# You could see a naga sharpshooter and a naga (catching breath).

Vanquished Creatures
  2 fire dragons (Swamp:4)
  A hydra (Swamp:4)
  A shock serpent (Snake:4)
  A lindwurm (Swamp:4)
  A naga ritualist (Snake:4)
  An orc sorcerer (Orc:2)
  A cane toad (Lair:1)
  A nameless horror (D:13)
  A rime drake (Lair:5)
  6 blink frogs (Lair:5)
  2 swamp worms
  A naga (Snake:3)
  2 water moccasins
  A swamp drake (Swamp:4)
  An elephant zombie (Lair:5)
  An orc warrior (Snake:4)
  2 bullfrogs
  A scorpion (D:7)
  A howler monkey (D:8)
  A bullfrog zombie (D:6)
  2 hounds
  An ufetubus (D:7)
  5 orcs
  A quokka (D:1)
  A bat (D:2)
  A giant cockroach zombie (D:3)
40 creatures vanquished.

Vanquished Creatures (collateral kills)
  Saint Roka (Snake:4)
  A tentacled monstrosity (Swamp:3)
  Agnes (Snake:1)
  Donald (Snake:3)
  Kirke (D:15)
  A fenstrider witch (Swamp:2)
  A nagaraja (Snake:2)
  2 ghouls (Swamp:2)
  Aizul (Snake:1)
  A very ugly thing (D:15)
  3 dire elephants (Lair:5)
  3 eleionomae
  A bunyip (Swamp:2)
  An ettin (Orc:1)
  A fire dragon (Swamp:4)
  Josephine (Snake:1)
  2 vault guards (D:13)
  2 catoblepae
  A ghost crab (Lair:2)
  12 hydras
  9 two-headed ogres
  2 demonspawn (Orc:2)
  2 centaur warriors
  An ogre mage (D:15)
  4 alligators
  8 anacondas
  2 boulder beetles
  5 death yaks (Lair:4)
  A tengu warrior (D:14)
  5 naga warriors
  12 naga sharpshooters
  6 shock serpents
  A spectral dire elephant (Lair:5)
  6 orc high priests (Orc:2)
  A salamander mystic (Snake:2)
  Nergalle (Lair:3)
  A spectral death yak (Lair:5)
  A fire crab (Swamp:4)
  A skyshark (Lair:4)
  5 skeletal warriors (D:12)
  A sixfirhy (Orc:2)
  5 goliath frogs
  A spectral anaconda (Lair:5)
  6 spriggan druids
  7 swamp dragons
  4 bog bodies
  A lindwurm (Swamp:4)
  5 necromancers
  2 deep elf pyromancers (D:15)
  A mana viper (Snake:1)
  2 deep elf zephyrmancers (D:15)
  5 orc knights
  18 ugly things
  5 will-o-the-wisps
  2 manticores
  7 orc sorcerers
  A dire elephant zombie (Lair:5)
  9 cyclopes
  6 salamanders
  2 rust devils (Orc:2)
  17 elephants
  Joseph (D:7)
  21 black mambas
  2 guardian serpents (Snake:3)
  19 naga magi
  A dire elephant skeleton (Lair:5)
  2 gargoyles
  8 cane toads
  An unseen horror (D:12)
  Psyche (D:9)
  An ice devil (Orc:2)
  6 komodo dragons
  3 rime drakes
  A bloated husk (Swamp:1)
  A polar bear (shapeshifter) (D:14)
  3 trolls
  2 polar bears
  5 nameless horrors
  A hornet (Swamp:2)
  7 tyrant leeches
  16 blink frogs
  A spectral elephant (Lair:2)
  3 slime creatures (D:13)
  4 wraiths
  4 spriggans
  A shadow (D:13)
  4 wyverns
  15 humans (D:13)
  A vampire (D:10)
  7 hogs (D:15)
  23 yaks
  6 basilisks
  2 steam dragons (Swamp:4)
  A spectral komodo dragon (Lair:2)
  2 spectral cane toads
  11 swamp worms
  11 vampire mosquitoes
  A chaos spawn (Orc:2)
  2 wargs (Orc:1)
  52 nagas
  3 acid dragons
  9 water moccasins
  9 swamp drakes
  Duvessa (D:4)
  A spectral yak (Lair:2)
  A black bear (D:5)
  36 orc warriors
  4 ogres
  3 elephant zombies (Lair:5)
  3 centaurs
  An elephant skeleton (Lair:5)
  4 kobold brigands
  A spectral basilisk (Lair:2)
  11 bullfrogs
  2 necrophages
  A wyvern zombie (D:6)
  2 scorpions
  A cane toad simulacrum (Lair:5)
  A wight (D:9)
  Dowan (D:4)
  3 elephant simulacra (Lair:5)
  8 killer bees
  11 howler monkeys
  2 electric eels (Lair:4)
  A bullfrog zombie (D:6)
  3 centaur zombies
  19 orc priests
  3 hounds (D:7)
  A jelly (D:6)
  4 iguanas
  Natasha (thrice) (D:3)
  18 orc wizards
  Terence (D:2)
  A boggart skeleton (D:15)
  A hound zombie (D:3)
  3 gnolls (D:7)
  8 adders
  3 white imps
  2 adder zombies (D:3)
  An adder skeleton (D:3)
  A worm (D:3)
  5 dart slugs
  67 orcs
  2 ball pythons (D:2)
  A bat (D:2)
  8 endoplasms
  2 giant cockroaches
  6 goblins
  5 hobgoblins
  4 jackals (D:3)
  23 kobolds
  3 quokkas
  A frilled lizard (D:1)
  A quokka zombie (D:3)
  5 rats
797 creatures vanquished.

Vanquished Creatures (others)
  A bunyip (Swamp:1)
  Harold (Lair:2)
  3 hydras
  A death yak (Lair:4)
  A tengu warrior (D:13)
  A naga sharpshooter (Snake:3)
  A spriggan druid (Swamp:4)
  A necromancer (D:13)
  2 ugly things
  A troll (D:11)
  3 bloated husks
  A hornet (Swamp:3)
  A blink frog (Lair:5)
  8 yaks
  5 humans (D:13)
  2 wraiths
  A steam dragon (D:8)
  4 vampire mosquitoes
  A naga (Lair:3)
  An acid dragon (D:12)
  A swamp worm (Swamp:2)
  3 swamp drakes
  An ice beast (D:8)
  3 orc warriors
  A sky beast (D:8)
  2 ogres
  2 wyvern zombies (D:6)
  2 wights (D:9)
  A killer bee (D:6)
  A howler monkey (D:9)
  An orc priest (D:11)
  An orc wizard (D:10)
  A shadow imp (D:5)
  An orc (Orc:2)
  8 foxfires (Swamp:4)
  9 fungi
  23 plants
  43 withered plants
144 creatures vanquished.

Grand Total: 981 creatures vanquished

Notes
Turn   | Place    | Note
-------+----------+-------------------------------------------
     0 | D:1      | arthad the Felid Summoner began the quest for the Orb.
     0 | D:1      | Reached XP level 1. HP: 7/7 MP: 4/4
   409 | D:1      | Reached XP level 2. HP: 11/11 MP: 3/6
   412 | D:1      | Learned a level 2 spell: Call Imp
  1294 | D:2      | Noticed Terence
  1338 | D:2      | Killed Terence
  1339 | D:2      | Reached skill level 5 in Summonings
  1339 | D:2      | Reached XP level 3. HP: 14/14 MP: 1/7
  1452 | D:2      | Got the Tractate on Assaults
  1628 | D:2      | Reached XP level 4. HP: 14/18 MP: 3/8
  1721 | D:2      | Found Meunwag's Antique Armour Emporium.
  1933 | D:2      | Learned a level 3 spell: Call Canine Familiar
  2408 | D:3      | Reached skill level 1 in Hexes
  2812 | D:3      | Reached XP level 5. HP: 20/21 MP: 6/9
  3113 | D:3      | Noticed Natasha
  3148 | D:3      | Killed Natasha
  3149 | D:3      | Reached skill level 1 in Unarmed Combat
  3195 | D:3      | Reached skill level 6 in Summonings
  3513 | D:3      | Identified the +7 dagger of Calculation {pain, Str+3}
  3570 | D:3      | Noticed Natasha
  3582 | D:3      | Killed Natasha
  3583 | D:3      | Reached skill level 1 in Fighting
  3637 | D:3      | Noticed Natasha
  3645 | D:3      | Killed Natasha
  3858 | D:4      | Learned a level 3 spell: Summon Guardian Golem
  3908 | D:4      | Reached skill level 1 in Air Magic
  4143 | D:4      | Noticed Duvessa
  4163 | D:4      | Killed Duvessa
  4164 | D:4      | Gained mutation: You are covered in thick fur. (AC +2)
                  | [Felid growth]
  4164 | D:4      | Reached XP level 6. HP: 25/25 MP: 0/11
  4164 | D:4      | Noticed Dowan
  4282 | D:4      | Killed Dowan
  4590 | D:5      | Entered Level 5 of the Dungeon
  4609 | D:5      | Found a glowing silver altar of Zin.
  4653 | D:5      | Reached XP level 7. HP: 29/29 MP: 2/12
  5325 | D:5      | HP: 1/30 [orc priest/divine providence (13)]
  5384 | D:5      | Found an opulent altar of Gozag.
  5390 | D:5      | Became a worshipper of Gozag Ym Sagoz the Greedy
  5719 | D:5      | Learned a level 4 spell: Summon Lightning Spire
  5814 | D:5      | Reached XP level 8. HP: 33/33 MP: 11/14
  5857 | D:5      | Reached skill level 5 in Hexes
  6199 | D:5      | Found a large runed translucent door.
  6199 | D:5      | Found a large runed translucent door.
  6201 | D:5      | Noticed Sabo's ghost (amateur OpCj)
  6393 | D:6      | Reached skill level 7 in Summonings
  6690 | D:6      | Found a shadowy altar of Dithmenos.
  6840 | D:6      | Found a basalt altar of Yredelemnul.
  7087 | D:6      | Reached skill level 5 in Dodging
  7235 | D:6      | Found a blossoming altar of Fedhas.
  7241 | D:6      | Found a staircase to the Ecumenical Temple.
  7549 | D:6      | Reached XP level 9. HP: 38/38 MP: 14/16
  7686 | D:6      | Found a bloodstained altar of Trog.
  7924 | D:7      | Found a sparkling altar of Nemelex Xobeh.
  7932 | D:7      | Noticed Joseph
  8034 | D:7      | Killed Joseph
  8035 | D:7      | Reached skill level 8 in Summonings
  8368 | D:7      | Found a hide-covered altar of Uskayaw.
  9090 | D:8      | Reached skill level 5 in Air Magic
  9281 | D:8      | Reached skill level 5 in Spellcasting
  9393 | D:8      | Gained mutation: You are robust. (+10% HP) [potion of
                  | mutation]
  9393 | D:8      | Gained mutation: You have a pair of small antennae on your
                  | head. [potion of mutation]
  9393 | D:8      | Gained mutation: You occasionally shout uncontrollably at
                  | your foes. [potion of mutation]
  9967 | D:9      | Noticed a two-headed ogre
  9978 | D:9      | Killed a two-headed ogre
  9979 | D:9      | Reached skill level 9 in Summonings
  9979 | D:9      | Reached XP level 10. HP: 47/47 MP: 5/18
 10472 | D:9      | Noticed Psyche
 10634 | D:8      | Learned a level 6 spell: Summon Cactus Giant
 10712 | D:9      | Found a staircase to the Lair.
 10783 | D:9      | Killed Psyche
 10947 | D:9      | Reached skill level 5 in Unarmed Combat
 10960 | D:9      | Reached skill level 5 in Fighting
 11168 | D:10     | Entered Level 10 of the Dungeon
 11618 | D:10     | Reached skill level 10 in Summonings
 12047 | D:11     | Noticed a gargoyle
 12065 | D:11     | Killed a gargoyle
 12066 | D:11     | Reached XP level 11. HP: 28/52 MP: 2/21
 12489 | D:11     | Noticed a green ugly thing
 12506 | D:11     | Killed a green ugly thing
 12905 | D:11     | Found a staircase to the Orcish Mines.
 13578 | D:11     | Noticed a red ugly thing
 13598 | D:11     | Killed a red ugly thing
 14224 | D:12     | Noticed a two-headed ogre
 14235 | D:12     | Killed a two-headed ogre
 14620 | D:12     | Noticed a skeletal warrior
 14629 | D:12     | Killed a skeletal warrior
 14630 | D:12     | Reached skill level 11 in Summonings
 14635 | D:12     | Noticed a skeletal warrior
 14642 | D:12     | Killed a skeletal warrior
 14801 | D:12     | Noticed a skeletal warrior
 14806 | D:12     | Noticed a skeletal warrior
 14811 | D:12     | Killed a skeletal warrior
 14812 | D:12     | Gained mutation: Your thick and shaggy fur keeps you warm.
                  | (AC +3, rC+) [Felid growth]
 14812 | D:12     | Reached XP level 12. HP: 58/58 MP: 8/24
 15442 | D:13     | Noticed a two-headed ogre
 15685 | D:13     | Noticed a boulder beetle
 15715 | D:13     | Killed a boulder beetle
 15756 | D:13     | You fall into a shaft and drop 1 floor!
 15788 | D:14     | Noticed a centaur warrior
 15828 | D:14     | Killed a centaur warrior
 16092 | D:13     | Noticed a five-headed hydra
 16098 | D:13     | Killed a five-headed hydra
 16172 | D:13     | Killed a two-headed ogre
 16477 | D:13     | Noticed a tengu warrior
 16492 | D:13     | Killed a tengu warrior
 16706 | D:13     | Learned a level 2 spell: Blink
 16776 | D:13     | Reached skill level 10 in Dodging
 16780 | D:13     | Noticed a vault guard
 16783 | D:13     | Noticed a vault guard
 16807 | D:13     | Reached skill level 12 in Summonings
 16815 | D:13     | Killed a vault guard
 16837 | D:13     | Killed a vault guard
 16838 | D:13     | Reached XP level 13. HP: 62/62 MP: 1/26
 17156 | D:13     | Found a gate to the Vaults.
 17311 | D:13     | Reached skill level 1 in Translocations
 17988 | D:14     | Identified the +7 chain mail of Compression {rN+}
 18060 | D:15     | Entered Level 15 of the Dungeon
 18323 | Lair:1   | Entered Level 1 of the Lair of Beasts
 20003 | Lair:1   | Bought a book of Beasts for 570 gold pieces
 20009 | Lair:1   | Learned a level 5 spell: Summon Mana Viper
 20018 | Lair:1   | Learned a level 7 spell: Monstrous Menagerie
 20177 | Lair:2   | Noticed Harold
 20186 | Lair:2   | Killed Harold
 20187 | Lair:2   | Reached skill level 10 in Air Magic
 20548 | Lair:2   | Reached skill level 5 in Translocations
 20837 | Lair:2   | Found a staircase to the Swamp.
 21767 | Lair:3   | Noticed Nergalle
 21774 | Lair:3   | Found a staircase to the Snake Pit.
 21803 | Lair:3   | Killed Nergalle
 23123 | Lair:4   | Reached skill level 13 in Summonings
 23124 | Lair:4   | Reached skill level 10 in Spellcasting
 23124 | Lair:4   | Reached XP level 14. HP: 69/69 MP: 2/29
 24227 | Lair:5   | Entered Level 5 of the Lair of Beasts
 25074 | Lair:5   | Found a viscous altar of Jiyva.
 25074 | Lair:5   | Found a staircase to the Slime Pits.
 26390 | Orc:1    | Entered Level 1 of the Orcish Mines
 26629 | Orc:1    | Reached skill level 10 in Translocations
 26935 | Orc:2    | Entered Level 2 of the Orcish Mines
 26935 | Orc:2    | Found a staircase to the Elven Halls.
 27512 | Orc:2    | Found Arapajur's General Store.
 27515 | Orc:2    | Found Ylacywo's Distillery.
 27742 | Orc:2    | Reached skill level 14 in Summonings
 27751 | Orc:2    | Bought a wand of flame (13) for 136 gold pieces
 27751 | Orc:2    | Bought a book of the Sky for 660 gold pieces
 27942 | Orc:2    | Reached XP level 15. HP: 73/73 MP: 19/31
 27952 | Orc:2    | Reached skill level 1 in Transmutations
 28321 | Orc:2    | Found Unalim's Antique Armour Boutique.
 28321 | Orc:2    | Found Zipoxepe's Book Shop.
 28357 | Orc:2    | Found a one-way gate leading to the halls of Pandemonium.
 28361 | Orc:2    | Bought a Grand Grimoire for 476 gold pieces
 28361 | Orc:2    | Bought Great Wizards, Vol. VII for 420 gold pieces
 28603 | Orc:1    | Found Igae's Magic Scroll Shop.
 28615 | Orc:1    | Bought a scroll of blinking for 82 gold pieces
 28615 | Orc:1    | Bought a scroll of blinking for 82 gold pieces
 29281 | D:15     | Noticed Kirke
 29300 | D:15     | Killed Kirke
 29366 | D:15     | Identified the +9 dagger "Saeten" {freeze, rElec Int+3}
 29510 | D:15     | Found a white marble altar of Elyvilon.
 30052 | D:15     | Found a staircase to the Depths.
 30474 | Swamp:1  | Entered Level 1 of the Swamp
 31165 | Swamp:2  | Noticed a fenstrider witch
 31208 | Swamp:2  | Killed by an exploding bloated husk
 31209 | Swamp:2  | Reached XP level 14. HP: -8/71 MP: 8/31
 31243 | Swamp:2  | Reached XP level 15. HP: 50/75 MP: 16/32
 31378 | Swamp:2  | Reached skill level 10 in Unarmed Combat
 31378 | Swamp:2  | Reached skill level 15 in Summonings
 31487 | Swamp:2  | Killed a fenstrider witch
 31499 | Swamp:2  | Reached skill level 10 in Fighting
 31995 | Swamp:3  | Identified the +4 robe of the Salmon {Will+ rCorr Int-4}
 32218 | Swamp:3  | Noticed a tentacled monstrosity
 32226 | Swamp:3  | Killed a tentacled monstrosity
 33141 | Snake:1  | Entered Level 1 of the Snake Pit
 33171 | Snake:1  | Identified the ring "Atizifu" {Fly Will- rCorr Int+3}
 33316 | Snake:1  | Noticed Josephine
 33316 | Snake:1  | Noticed Aizul
 33325 | Snake:1  | Killed Josephine
 33326 | Snake:1  | Reached skill level 5 in Transmutations
 33328 | Snake:1  | Killed Aizul
 33709 | Snake:1  | Found a shimmering altar of Xom.
 34216 | Snake:1  | Noticed Agnes
 34228 | Snake:1  | Killed Agnes
 35413 | Snake:2  | Noticed a nagaraja
 35422 | Snake:2  | Killed a nagaraja
 36410 | Snake:3  | Found a hide-covered altar of Uskayaw.
 36556 | Snake:3  | Found a burning altar of Makhleb.
 36568 | Snake:3  | Found Koetzak's Armour Shoppe.
 36568 | Snake:3  | Found Kovegeme's Book Emporium.
 36580 | Snake:3  | Noticed Donald
 36593 | Snake:3  | Killed Donald
 36594 | Snake:3  | Reached XP level 16. HP: 77/80 MP: 11/33
 36769 | Snake:3  | HP: 3/81 [naga warrior/+0 long sword (14)]
 36769 | Snake:3  | Constricted to death by a naga warrior
 36770 | Snake:3  | Reached XP level 15. HP: -2/77 MP: 5/32
 36896 | Snake:3  | Found Ogru's Weapon Emporium.
 37117 | Snake:3  | Found Seax's Antique Armour Shoppe.
 37557 | Snake:3  | Reached skill level 16 in Summonings
 37861 | Snake:3  | Found Umiuvodgh's Antique Armour Emporium.
 38235 | Snake:3  | Found Udopuule's Weapon Boutique.
 38253 | Snake:3  | Learned a level 7 spell: Storm Form
 38392 | Lair:2   | Bought the Compendium of Septic Orientation for 782 gold
                  | pieces
 38542 | Swamp:4  | Entered Level 4 of the Swamp
 38726 | Swamp:4  | Reached skill level 10 in Hexes
 38820 | Swamp:4  | Killed from afar by a fire dragon
 38821 | Swamp:4  | Reached XP level 14. HP: -4/108 MP: 19/31
 39440 | Swamp:4  | HP: 3/72 [will-o-the-wisp/foxfire (16)]
 39998 | Swamp:4  | Reached XP level 15. HP: 40/77 MP: 3/32
 40513 | Swamp:4  | Got a decaying rune of Zot
 40791 | Snake:4  | Entered Level 4 of the Snake Pit
 40791 | Snake:4  | Noticed Vashnia
 41304 | Snake:4  | Noticed Saint Roka
 41332 | Snake:4  | Killed Saint Roka
 41988 | Snake:4  | Shot with an arrow by a naga sharpshooter

Illustrated notes

Levels and vault maps discovered:
D:1:      scummos_arrival_gate, layout_basic
D:2:      layout_basic, serial_shops, nicolae_shop_behind_doors,
          minmay_hedge_maze, uniq_terence
D:3:      layout_loops_ring, dilly_guarded_unrand_morg
D:4:      layout_cave_pools, uniq_duvessa
D:5:      layout_basic, pdpol_temple_overflow_zin_treasury_gozag_greed,
          serial_co_window_serial, co_window_corner_a, co_window_corner_a,
          co_window_of_opportunity_a, co_window_paths_a, co_window_paths_b,
          co_window_of_opportunity_c, co_window_broadway_a,
          co_window_of_opportunity_c, co_window_corner_b, co_window_2corner,
          co_window_paths_d, glass_columns_c, glass_columns_a, glass_columns_a,
          ebering_ghost_disaster_area
D:6:      layout_basic, nicolae_yredelemnul_corpse_copse,
          mainiacjoe_overflow_alcove_2, fedhas_altar_1,
          nicolae_dithmenos_through_a_glass_darkly, minmay_temple_entry_mist
D:7:      layout_basic, nicolae_uskayaw_dance_studio, mainiacjoe_overflow_paths,
          uniq_joseph
D:8:      layout_rooms
D:9:      layout_rooms, lair_entry_dummy, chequers_serial_rivers_room_a,
          uniq_psyche
D:10:     layout_roguey, minmay_crystal_room, minmay_strange_pillars
D:11:     layout_layer_cave, minmay_orc_entry_temple_small,
          kennysheep_generic_room_6
D:12:     layout_cross, nrook_mini_vaults
D:13:     layout_basic, grunt_vaults_entry_tiered, drop_trap, dk_noncrumbling_4
D:14:     layout_rooms, kennysheep_nub
D:15:     grunt_enter_depths_magical_seal, layout_basic,
          portal_ice_cave_entry_ugly_swarm, minmay_misc_feat_five,
          elyvilon_altar_1, uniq_kirke
Lair:1:   layout_cellular_growth, grunt_megastairs_4,
          infiniplex_staircase_pool_2
Lair:2:   layout_cave_pods, nicolae_swamp_entry_spooky, serial_bayou_shore_a,
          lemuel_fruit_tree, uniq_harold
Lair:3:   layout_small_grid, guppyfry_snake_entry_island, uniq_nergalle
Lair:4:   layout_gridlike, serial_bayou_lagoon_b
Lair:5:   due_jungle_book, layout_cave_pods, minmay_slime_entry_oklob_enclosed,
          grunt_megastairs_2, lemuel_fruit_fields
Swamp:1:  layout_basic_swamp, evilmike_swamp_ruin_house_3, swamp_pool5
Swamp:2:  layout_falls_marsh, hangedman_swamp_ruin_wall
Swamp:3:  layout_basic_swamp, nicolae_swamp_little_tower
Swamp:4:  swamp_fiery, layout_basic_swamp, nicolae_swamp_orc_logging_accident,
          swamp_pool1
Snake:1:  layout_onion, basic_altar, uniq_aizul, uniq_josephine, uniq_agnes
Snake:2:  layout_concentric_octagons
Snake:3:  layout_honeycomb, serial_shops, shop_fountains,
          nicolae_shop_waterfront, shop, nicolae_shop_bloodbath_and_beyond,
          hangedman_feature_mirror, minmay_shoptagon, uniq_donald
Snake:4:  snake_pit_salamanders_mu, layout_cave_town, uniq_vashnia,
          uniq_saint_roka, uniq_louise
Orc:1:    layout_caves, serial_shops, nicolae_shop_window_shopping,
          nicolae_orc_sculptors_studio
Orc:2:    pf_orc_diabolical, layout_diamond_mine

Skill      XL: |  1  2  3  4  5  6  7  8  9 10 11 12 13 14 15 16 |
---------------+-------------------------------------------------+-----
Summonings     | 5 6 7 9 10 11 12 13 14 16 | 16.0
Hexes          | 1 2 3 4 5 10 | 10.0
Dodging        | 3 4 5 6 7 9 10 11 12 13 14 | 14.6
Unarmed Combat | 1 2 3 4 5 6 7 8 11 10 | 11.2
Fighting       | 1 2 3 4 5 6 7 8 11 10 | 11.2
Air Magic      | 1 2 4 5 7 8 9 10 12 | 12.0
Spellcasting   | 3 4 5 6 7 8 10 11 12 | 12.8
Translocations | 6 10 | 10.0
Transmutations | 7 8 6 |  8.1
Stealth        | |  2.6

Action                     |  1- 3 |  4- 6 |  7- 9 | 10-12 | 13-15 | 16-18 || total
---------------------------+-------+-------+-------+-------+-------+-------++-------
  Melee: Unarmed           |    17 |    18 |    30 |    11 |   100 |     4 ||   180
         Bite              |       |     4 |     2 |     3 |    12 |     1 ||    22
         Punch             |       |     1 |     1 |     1 |     7 |       ||    10
   Cast: Summon Small Mamm |    55 |    18 |     5 |       |       |       ||    78
         Call Imp          |    14 |    21 |    23 |     8 |       |       ||    66
         Call Canine Famil |       |    24 |    45 |    41 |    82 |     1 ||   193
         Summon Guardian G |       |     5 |    37 |    56 |    95 |       ||   193
         Summon Lightning  |       |       |    32 |    68 |   175 |     2 ||   277
         Summon Cactus Gia |       |       |       |    15 |   170 |     2 ||   187
         Monstrous Menager |       |       |       |       |   253 |     5 ||   258
         Summon Mana Viper |       |       |       |       |    59 |     2 ||    61
         Storm Form        |       |       |       |       |    12 |       ||    12
         Blink             |       |       |       |       |     3 |     2 ||     5
 Invoke: Call Merchant     |       |       |       |       |     3 |       ||     3
         Potion Petition   |       |       |       |       |     1 |     1 ||     2
Ability: Blinkbolt         |       |       |       |       |     3 |       ||     3
  Evoke: Wand              |       |       |     1 |    10 |     7 |       ||    18
    Use: Scroll            |     2 |       |     6 |    14 |    13 |     1 ||    36
         Potion            |     1 |       |     6 |     2 |    20 |     3 ||    32
   Stab: Distracted        |       |       |     1 |     1 |     4 |       ||     6
         Petrified         |       |       |       |       |     3 |       ||     3
         Paralysed         |       |       |       |       |     1 |       ||     1
 Armour: Skin              |     2 |     3 |     6 |     6 |    23 |     1 ||    41
  Dodge: Dodged            |    36 |    22 |    87 |    66 |   392 |    23 ||   626

Table legend: (Time is in decaauts)
 A = Elapsed time spent in this place.
 B = Non-inter-level travel time spent in this place.
 C = Inter-level travel time spent in this place.
 D = Time resting spent in this place.
 E = Time spent auto-exploring this place.
 F = Levels seen in this place.
 G = Mean time per level.
                   A        B        C        D        E       F      G
               +--------+--------+--------+--------+--------+-----+--------+
         Total |  38084 |  36349 |   1735 |   2539 |  26397 |  30 | 1269.5 |
       Dungeon |  18148 |  17479 |    669 |   1182 |  12485 |  15 | 1209.9 |
          Lair |   7512 |   6917 |    595 |    375 |   5495 |   5 | 1502.4 |
         Swamp |   4600 |   4355 |    245 |    563 |   2970 |   4 | 1150.0 |
     Snake Pit |   5762 |   5573 |    189 |    286 |   4080 |   4 | 1440.5 |
  Orcish Mines |   2060 |   2025 |     35 |    133 |   1366 |   2 | 1030.0 |
               +--------+--------+--------+--------+--------+-----+--------+

Top non-repeatable levels by time:
 Swamp:4: 1908 daAuts
 Snake:3: 1861 daAuts
    D:11: 1830 daAuts
  Lair:5: 1796 daAuts
    D:13: 1757 daAuts
  Lair:2: 1752 daAuts
     D:5: 1534 daAuts
  Lair:1: 1527 daAuts
 Snake:1: 1462 daAuts
   Orc:2: 1435 daAuts
    D:15: 1430 daAuts
     D:2: 1403 daAuts
 Snake:2: 1398 daAuts
     D:3: 1389 daAuts
     D:6: 1324 daAuts
